Map: Year Zero LE

Players

YohaEng - Winner!

  • Race: Terran Terran
  • Spawn Location: 1:00

VOD

Have the link to the VOD?

Description

Time

  • Played on: April 29, 2019, 3:56 p.m.
  • Length: 19:58
Show
View Real Time Build Order
Export as new Build Order

YohaEng Terran - Winner!

Build Orders:  

Get SALT Encoding   

  12  0:03  SCV  
  13  0:20  SCV  
  14  0:30  Supply Depot  
  14  0:37  SCV  
  15  1:01  SCV  
  15  1:02  Barracks  
  16  1:15  Refinery  
  16  1:17  SCV  
  17  1:34  SCV  
  18  1:51  SCV  
  19  2:08  SCV  
  21  2:24  Reaper  
  21  2:30  Command Center  
  21  2:32  Orbital Command  
  21  2:58  Supply Depot  
  21  3:17  SCV  
  22  3:32  Factory  
  22  3:34  SCV  
  23  3:45  Refinery  
  23  3:51  SCV  
  24  4:05  Barracks Reactor  
  24  4:08  SCV  
  25  4:24  Bunker  
  25  4:28  SCV x2  
  27  4:45  SCV  
  27  4:47  Widow Mine, Starport  
  30  5:03  Orbital Command  
  30  5:06  SCV  
  31  5:15  Supply Depot  
  31  5:16  Widow Mine  
  31  5:23  SCV  
  34  5:32  Marine  
  34  5:33  Marine  
  36  5:44  SCV x2  
  38  5:57  Marine x2  
  40  6:01  SCV x2  
  40  6:09  Starport Tech Lab  
  42  6:18  SCV x2  
  42  6:19  Refinery  
  44  6:26  Supply Depot  
  44  6:29  Refinery  
  44  6:34  SCV  
  44  6:35  SCV  
  46  6:47  Fusion Core  
  46  6:55  Engineering Bay, SCV  
  46  6:56  SCV  
  48  7:12  SCV  
  48  7:13  SCV  
  48  7:15  Supply Depot  
  50  7:29  SCV x2  
  51  7:39  Barracks  
  52  7:41  Barracks  
  52  7:46  SCV x2  
  54  7:54  Starport  
  54  8:03  SCV x2  
  54  8:05  Command Center  
  56  8:11  Marine x2  
  58  8:20  SCV x2  
  58  8:22  Supply Depot  
  60  8:36  Marine x2  
  60  8:37  SCV x2  
  64  8:47  Barracks  
  64  8:49  Factory Tech Lab  
  64  8:54  SCV x2  
  66  9:01  Barracks Tech Lab, Marine  
  67  9:11  SCV x2  
  67  9:12  Barracks Reactor  
  69  9:21  Supply Depot  
  69  9:27  Battlecruiser  
  69  9:28  SCV x2  
  77  9:31  Starport Tech Lab  
  77  9:35  Marine  
  78  9:45  Marine x2  
  78  9:47  Supply Depot x2  
  80  10:00  Marine  
  80  10:04  Starport  
  80  10:08  Battlecruiser  
  83  10:47  SCV x2  
  85  10:57  Battlecruiser  
  91  11:02  Planetary Fortress  
  91  11:04  SCV x2  
  91  11:06  Starport Tech Lab  
  93  11:12  Barracks Tech Lab  
  93  11:14  Unknown  
  93  11:33  SCV x2  
  93  11:37  Armory  
  95  11:45  Armory  
  95  11:50  SCV x2  
  95  11:52  Marine x3  
  95  11:53  Marine x3  
  103  12:07  SCV x2  
  105  12:17  Marine x3  
  105  12:18  Terran Infantry Weapons Level 1, Marine x3  
  111  12:24  SCV x2  
  113  12:31  Refinery  
  113  12:32  SCV  
  113  12:36  Refinery  
  114  12:41  SCV x2  
  114  12:42  Marine  
  117  12:58  Supply Depot  
  117  12:59  Supply Depot  
  117  13:01  Supply Depot  
  117  13:02  Supply Depot  
  117  13:04  Supply Depot  
  117  13:28  Battlecruiser, Marine x2  
  117  13:29  SCV, Marine x4  
  130  13:30  Terran Ship Weapons Level 1  
  130  13:31  Battlecruiser  
  130  13:32  Terran Vehicle And Ship Armor Level 1, Battlecruiser  
  142  13:50  Widow Mine  
  142  13:53  Marine x2  
  142  13:54  Marine x4  
  142  13:56  Supply Depot  
  148  14:09  Command Center  
  150  14:11  Stimpack  
  150  14:18  Marine  
  150  14:19  Marine  
  152  14:20  Widow Mine  
  152  14:29  SCV x2  
  154  14:30  SCV  
  157  14:46  SCV x2  
  157  14:47  SCV  
  160  14:55  Marauder, Marine  
  160  14:56  Marine x2  
  165  15:13  Supply Depot  
  165  15:16  Supply Depot  
  165  15:17  Supply Depot  
  165  15:23  Missile Turret  
  165  15:26  Missile Turret  
  165  15:32  Missile Turret  
  165  15:36  Widow Mine, Missile Turret  
  165  15:37  Missile Turret  
  165  15:43  Battlecruiser, Marine x2  
  165  15:46  Battlecruiser  
  165  15:47  Battlecruiser, Marine  
  188  15:50  Missile Turret  
  188  15:53  Missile Turret  
  188  15:54  Missile Turret  
  188  15:56  Marine x2  
  190  16:05  Planetary Fortress  
  190  16:06  Widow Mine  
  190  16:08  Marine x2  
  192  16:12  Marine  
  192  16:15  Refinery  
  195  16:21  Refinery, Marine x2  
  197  16:33  Marine x2  
  199  16:47  SCV  
Tags
 
Add a new tag
Caveats
  • Supply blocks, unpowered buildings, or Contaminate may cause inaccurate times.
  • Supply counts are checked every 10 seconds.